 Dungeon Crawl Stone Soup version 0.21.1-72-gffa868e (webtiles) character file.

833 wojtek the Cleaver (level 7, -1/60 HPs)
             Began as a Minotaur Fighter on Aug 5, 2018.
             Succumbed to a water moccasin's poison
             ... on level 5 of the Dungeon.
             The game lasted 00:06:05 (3642 turns).

wojtek the Cleaver (Minotaur Fighter)               Turns: 3642, Time: 00:06:06

Health: -1/60      AC: 10    Str: 23    XL:     7   Next: 66%
Magic:  6/6        EV:  7    Int:  5    God:
Gold:   192        SH: 10    Dex:  9    Spells: 6/6 levels left

rFire    . . .     SeeInvis .   a - +0 war axe
rCold    . . .     Gourm    .   c - +0 shield
rNeg     . . .     Faith    .   q - +0 chain mail
rPois    .         Spirit   .   p - +1 hat
rElec    .         Reflect  .   (no cloak)
rCorr    .         Harm     .   (no gloves)
MR       .....                  (no boots)
Stlth    ..........             (no amulet)
HPRegen  0.20/turn              (no ring)
MPRegen  0.10/turn              (no ring)

@: lethally poisoned (-1 -> -65), flying
A: retaliatory headbutt, horns 2
a: no special abilities


You were on level 5 of the Dungeon.
You were not hungry.

You visited 1 branch of the dungeon, and saw 5 of its levels.

You collected 192 gold pieces.

Inventory:

Hand Weapons
 a - a +0 war axe (weapon)
Missiles
 s - a throwing net (quivered)
Armour
 c - a +0 shield (worn)
 p - a +1 hat (worn)
 q - a +0 chain mail (worn)
Jewellery
 g - a +4 ring of protection {unknown}
 j - an uncursed ring of resist corrosion {unknown}
Scrolls
 h - a scroll of fear {unknown}
 i - 5 scrolls of remove curse {unknown}
 k - a scroll of teleportation {unknown}
 l - 3 scrolls of amnesia {unknown}
 t - 2 scrolls of blinking {unknown}
 v - 2 scrolls of identify {unknown}
 x - a scroll of magic mapping {unknown}
Potions
 b - a potion of agility {unknown}
 d - a potion of might
 e - 2 potions of heal wounds {unknown}
 m - 2 potions of flight
 n - 2 potions of brilliance {unknown}
 o - a potion of magic {unknown}
 r - a potion of curing {unknown}
 u - a potion of resistance {unknown}
 w - a potion of experience {unknown}
Comestibles
 f - 12 rations
 z - 7 chunks of flesh


   Skills:
 + Level 4.7 Fighting
 + Level 8.7 Axes
 + Level 4.7 Armour
 + Level 2.3 Dodging
 + Level 4.7 Shields


You had 6 spell levels left.
You didn't know any spells.

Dungeon Overview and Level Annotations

Branches:
Dungeon (5/15)
 Temple: D:4-7

Altars:

Shops:
D:5 *

Annotations:
D:4 2 transporters


Innate Abilities, Weirdness & Mutations

You reflexively headbutt those who attack you in melee.
You have a pair of horns on your head.


Message History

You completely miss the water moccasin.
* * * LOW HITPOINT WARNING * * *
You feel very sick. The water moccasin bites you.
* * * LOW HITPOINT WARNING * * *
You are more poisoned.
The water moccasin poisons you! The water moccasin barely misses you.
You furiously retaliate!
You headbutt the water moccasin!
The water moccasin bites you but does no damage.
Unknown command.
* * * LOW HITPOINT WARNING * * *
You feel very sick. The water moccasin barely misses you.
You furiously retaliate!
You headbutt the water moccasin!
You kill the water moccasin!
Unknown command.
It was a potion of flight.
You feel very buoyant.
You fly up into the air.
You die...

#.#.# #.####)#####
#÷#.######..........+
##.#.............#####
..........#####..#
##......... #..#
...#####... #..# ...#
( #..# ...# #..# ...#
#.@# ...# #†S# ...#
##S# #### ... #.∩.#
#...# ##+##


You could see a water moccasin and a ball python.

Vanquished Creatures
  A water moccasin (D:5)
  Duvessa (D:4)
  A phantom (D:4)
  An ogre (D:5)
  Dowan (D:4)
  2 hounds
  An orc wizard (D:4)
  3 worker ants
  A hound skeleton (D:4)
  Robin (D:3)
  4 adders
  4 gnolls (D:4)
  An ooze (D:1)
  An adder zombie (D:5)
  5 dart slugs
  5 leopard geckos
  14 orcs
  A ball python (D:2)
  4 giant cockroaches
  14 goblins
  11 hobgoblins
  4 jackals (D:2)
  6 kobolds
  2 quokkas
  8 bats
  3 frilled lizards (D:2)
  A jackal skeleton (D:4)
  10 rats
111 creatures vanquished.

Notes
Turn   | Place    | Note
-------+----------+-------------------------------------------
     0 | D:1      | wojtek the Minotaur Fighter began the quest for the Orb.
     0 | D:1      | Reached XP level 1. HP: 19/19 MP: 0/0
   114 | D:1      | Reached skill level 3 in Axes
   166 | D:1      | Reached XP level 2. HP: 11/26 MP: 1/1
   559 | D:1      | Reached skill level 4 in Axes
   942 | D:1      | Reached XP level 3. HP: 31/31 MP: 2/2
  1399 | D:2      | Reached skill level 5 in Axes
  1460 | D:2      | Reached XP level 4. HP: 35/39 MP: 3/3
  1996 | D:3      | Noticed Robin
  2001 | D:3      | Reached skill level 6 in Axes
  2011 | D:3      | Killed Robin
  2564 | D:4      | Reached XP level 5. HP: 39/45 MP: 4/4
  2583 | D:4      | Reached skill level 7 in Axes
  2691 | D:4      | Noticed a phantom
  2710 | D:4      | Killed a phantom
  2710 | D:4      | Reached skill level 8 in Axes
  2710 | D:4      | Reached XP level 6. HP: 45/51 MP: 5/5
  2721 | D:4      | Found a transporter.
  2727 | D:4      | Noticed a fire bat
  2728 | D:4      | Noticed a fire bat
  2739 | D:4      | Noticed Duvessa
  2740 | D:4      | Noticed Dowan
  2755 | D:4      | Killed Duvessa
  2755 | D:4      | Reached skill level 1 in Dodging
  2772 | D:4      | Killed Dowan
  2772 | D:4      | Reached XP level 7. HP: 10/59 MP: 6/6
  3110 | D:4      | Found a transporter.
  3339 | D:5      | Entered Level 5 of the Dungeon
  3631 | D:5      | Found Exzufum's Serpentskin Sales.
  3642 | D:5      | Succumbed to a water moccasin's poison

Skill      XL: |  1  2  3  4  5  6  7 |
---------------+----------------------+-----
Axes           | 3 4 5 6 8 |  8.7
Fighting       | 4 |  4.7
Armour         | 4 |  4.7
Dodging        | 1 2 |  2.3
Shields        | 4 |  4.7

Action                   |  1- 3 |  4- 6 |  7- 9 || total
-------------------------+-------+-------+-------++-------
Melee: War axe           |    82 |   146 |    46 ||   274
       Headbutt          |     9 |    17 |    11 ||    37
  Use: Potion            |       |       |     1 ||     1
  Eat: Chunk             |     2 |     4 |     3 ||     9
Armor: Scale mail        |    27 |    33 |       ||    60
       Chain mail        |       |    44 |    19 ||    63
Dodge: Dodged            |    25 |    35 |    12 ||    72
Block: Shield            |    39 |    81 |    19 ||   139
